 Dungeon Crawl Stone Soup version 0.18.1-8-gdd0e5ea (console) character file.

135 Kloppie the Chopper (level 5, 0/41 HPs)
             Began as a Human Skald on June 7, 2016.
             Was an Initiate of Okawaru.
             Slain by an orc
             ... wielding a +0 whip
              (1 damage)
             ... on level 3 of the Dungeon.
             The game lasted 00:05:23 (3188 turns).

Kloppie the Chopper (Human Skald)                   Turns: 3188, Time: 00:05:24

Health: 0/41       AC:  6    Str: 12    XL:     5   Next: 42%
Magic:  2/8        EV: 11    Int: 12    God:    Okawaru [......]
Gold:   211        SH:  0    Dex: 14    Spells: 2 memorised, 5 levels left

rFire  . . .     SeeInvis .     a - +0 hand axe
rCold  + . .     Gourm    .     n - +1 ring mail {rC+}
rNeg   . . .     Faith    .     (no shield)
rPois  .         Spirit   .     (no helmet)
rElec  .         Dismiss  .     (no cloak)
rCorr  .         Reflect  .     (no gloves)
SustAt .         Harm     .     (no boots)
MR     .....                    (no amulet)
Stlth  +.........               (no ring)
                                (no ring)

@: infused (expiring), singing (expiring), not resistant to hostile
enchantments, very unstealthy
A: no striking features
a: Renounce Religion, Stop Singing


You were on level 3 of the Dungeon.
You worshipped Okawaru.
Okawaru was noncommittal.
You were not hungry.

You visited 1 branch of the dungeon, and saw 3 of its levels.

You collected 211 gold pieces.

Inventory:

Hand Weapons
 a - a +0 hand axe (weapon)
Armour
 n - a +1 ring mail of cold resistance (worn)
Wands
 u - a wand of iceblast (2/15)
Scrolls
 h - 3 scrolls of blinking
 i - 3 scrolls of remove curse
 k - a scroll of identify {unknown}
 o - a scroll of teleportation {unknown}
 p - a scroll of immolation {unknown}
 t - a scroll of fear {unknown}
 w - a scroll of amnesia {unknown}
Potions
 b - a potion of brilliance {unknown}
 e - a potion of flight {unknown}
 j - a potion of berserk rage {unknown}
 m - a potion of resistance {unknown}
 q - a potion of lignification {unknown}
 r - a potion of cure mutation {unknown}
 v - a potion of heal wounds {unknown}
Books
 c - a book of Battle

   Spells                             Type                      Level
   a - Infusion                       Charms                       1
   b - Shroud of Golubria             Charms/Translocation         2
   c - Song of Slaying                Charms                       2
   d - Spectral Weapon                Hexes/Charms                 3
   e - Regeneration                   Charms/Necromancy            3
Comestibles
 d - 3 bread rations
 f - a meat ration
 g - 3 beef jerkies


   Skills:
 + Level 3.1 Fighting
 + Level 3.4 Axes
 - Level 1.0 Armour
 + Level 3.0 Dodging
 - Level 2.0 Spellcasting
 - Level 3.0 Charms


You had 5 spell levels left.
You knew the following spells:

 Your Spells              Type           Power        Failure   Level  Hunger
a - Infusion              Chrm           #...         17%         1    ##.....
b - Song of Slaying       Chrm           #.......     28%         2    ###....


Dungeon Overview and Level Annotations

Branches:
Dungeon (3/15)

Altars:
Okawaru
Sif Muna
Trog
Vehumet
Xom
The Shining One


Message History

The orc priest is moderately wounded.
You barely miss the orc.
The orc is moderately wounded.
The orc barely misses you. The orc priest hits you with a flail.
* * * LOW HITPOINT WARNING * * *
You closely miss the orc priest.
The orc priest is moderately wounded.
You hit the orc but do no damage.
The orc is moderately wounded.
Your magical infusion is running out.
Your song is almost over.
The orc hits you with a whip.
* * * LOW HITPOINT WARNING * * *
You hit the orc priest.
The orc priest is moderately wounded.
You hit the orc.
The orc is heavily wounded.
The orc priest hits you with a flail.
* * * LOW HITPOINT WARNING * * *
The orc hits you with a whip.
You die...

#.# #.............##........
#.# #.............##........
#.###....###..............÷.
#.#........#...............)
#.###.....##..............##
#.# #............########.##
#.# #............#....###.##
#.# #.....o†>.........+....'
#.# #......@o.........###.##
#.# #..............######.##
#.# #..............# #.....
#.###..............####.....
#.#................'..+.....
#.#.#..............####.....
#.#.#.....#...........#.####
#.#.#........########.#.##..
#.#.#.................#.##..


You could see an orc priest and an orc.

Vanquished Creatures
  3 gnolls (D:2)
  2 adders (D:3)
  An ooze (D:1)
  3 worms
  A dart slug (D:3)
  4 giant geckos
  An orc (D:3)
  2 ball pythons (D:1)
  5 bats
  A giant cockroach (D:1)
  9 hobgoblins
  5 jackals
  A quokka (D:2)
  A giant cockroach zombie (D:2)
  3 giant newts
  11 goblins
  5 kobolds
  A quokka skeleton (D:2)
  10 rats
69 creatures vanquished.

Notes
Turn   | Place    | Note
--------------------------------------------------------------
     0 | D:1      | Kloppie the Human Skald began the quest for the Orb.
     0 | D:1      | Reached XP level 1. HP: 16/16 MP: 3/3
   190 | D:1      | Reached XP level 2. HP: 18/22 MP: 5/5
   659 | D:1      | Reached XP level 3. HP: 27/27 MP: 6/6
  1655 | D:2      | Reached XP level 4. HP: 28/34 MP: 7/7
  1664 | D:2      | Found a shimmering altar of Xom.
  2322 | D:2      | Reached XP level 5. HP: 18/41 MP: 5/8
  2532 | D:3      | Found a deep blue altar of Sif Muna.
  2532 | D:3      | Found a bloodstained altar of Trog.
  2533 | D:3      | Found an iron altar of Okawaru.
  2545 | D:3      | Found a radiant altar of Vehumet.
  2549 | D:3      | Became a worshipper of Warmaster Okawaru
  2785 | D:3      | Learned a level 2 spell: Song of Slaying
  2898 | D:3      | Found a glowing golden altar of the Shining One.
  3188 | D:3      | HP: 1/41 [orc priest/flail (5)]
  3188 | D:3      | Slain by an orc

Skill      XL: |  1  2  3  4  5 |
---------------+----------------+-----
Dodging        | 2 3 |  3.0
Axes           | 3 |  3.4
Fighting       | 3 |  3.1
Armour         | |  1.0
Spellcasting   | |  2.0
Charms         | |  3.0

Action                   |  1- 3 |  4- 6 || total
-------------------------+-------+-------++-------
Melee: Hand axe          |   148 |   131 ||   279
 Cast: Infusion          |       |     4 ||     4
       Song of Slaying   |       |     1 ||     1
  Use: Scroll            |     3 |       ||     3
       Potion            |       |     1 ||     1
 Stab: Sleeping          |     1 |       ||     1
  Eat: Chunk             |     3 |     5 ||     8
Armor: Leather armour    |    38 |       ||    38
       Ring mail         |     2 |    55 ||    57
Dodge: Dodged            |   101 |   107 ||   208
